 Dungeon Crawl Stone Soup version 0.32-a0-886-g41c5271027 (webtiles) character file.

Game seed: 1765311227380707779

37487 Revguard the Fiendish (level 13, -4/104 HPs)
             Began as a Demonspawn Monk on Apr 2, 2024.
             Was a Priest of Makhleb.
             Shot with an arrow by a centaur warrior (11 damage)
             ... on level 14 of the Dungeon.
             The game lasted 01:04:11 (16224 turns).

Revguard the Fiendish (Demonspawn Monk)            Turns: 16224, Time: 01:04:11

Health: -4/104     AC: 22    Str: 15    XL:     13   Next: 58%
Magic:  0/21       EV: 11    Int: 11    God:    Makhleb [***...]
Gold:   733        SH:  4    Dex: 23    Spells: 12/12 levels left

rFire   . . .        I - +5 battleaxe (venom)
rCold   + + +        (shield currently unavailable)
rNeg    + . .        L - +1 chain mail {rC+}
rPois   .            D - +0 helmet
rElec   .            F - +2 cloak
rCorr   +            (no gloves)
SInv    +            k - +0 pair of boots
Will    +....        t - amulet of guardian spirit Stlth
                     Q - ring "Ruamesk" {rC++ rN+ Dex+6}
HPRegen 0.37/turn    G - ring "Gasen" {Will+ Int+2 Slay+4 SInv}
MPRegen 0.17/turn

%: guardian spirit
@: studying Ice Magic
A: claws 2, yellow scales 3, demonic guardian 2, condensation shield, dopey 1,
mutation resistance 1, MP-powered wands
a: Renounce Religion, Minor Destruction, Lesser Servant of Makhleb


You were on level 14 of the Dungeon.
You worshipped Makhleb.
Makhleb was most pleased with you.
You visited 2 branches of the dungeon, and saw 15 of its levels.
You also visited: Ice Cave.

You collected 898 gold pieces.
You spent 165 gold pieces at shops.

Inventory:

Hand Weapons
 m - a +1 hand axe of flaming
 I - a +5 battleaxe of venom (weapon)
Armour
 k - a +0 pair of boots (worn)
 D - a +0 helmet (worn)
 F - a +2 cloak (worn)
 L - a +1 chain mail of cold resistance (worn)
Jewellery
 a - a ring of flight
 d - a +4 ring of protection
 e - an amulet of reflection
 f - an amulet of faith
 n - a ring of see invisible
 t - an amulet of guardian spirit (around neck)
 G - the ring "Gasen" (right claw) {Will+ Int+2 Slay+4 SInv}
   (You found it on level 13 of the Dungeon)

   [ring of slaying]

   Int+2:     It affects your intelligence (+2).
   Slay+4:    It affects your accuracy & damage with ranged weapons and melee
   (+4).
   Will+:     It increases your willpower.
   SInv:      It lets you see invisible.
 K - a ring of protection from cold
 P - a +4 ring of protection
 Q - the ring "Ruamesk" (left claw) {rC++ rN+ Dex+6}
   (You took it off a kobold demonologist on level 11 of the Dungeon)

   [ring of dexterity]

   Dex+6:     It affects your dexterity (+6).
   rC++:      It greatly protects you from cold.
   rN+:       It protects you from negative energy.
Wands
 p - a wand of polymorph (4)
 v - a wand of paralysis (19)
 E - a wand of warping (5)
Scrolls
 g - a scroll of fog
 l - a scroll of revelation
 o - 5 scrolls of noise
 q - 4 scrolls of teleportation
 r - 2 scrolls of butterflies
 u - a scroll of brand weapon
 x - 5 scrolls of fear
 y - 2 scrolls of vulnerability
 H - 2 scrolls of torment
 J - 2 scrolls of blinking
 N - a scroll of immolation
 T - a scroll of poison
Potions
 c - a potion of enlightenment
 h - a potion of berserk rage
 i - a potion of attraction
 j - a potion of lignification {unknown}
 s - 2 potions of brilliance
 z - a potion of haste
 B - a potion of invisibility
 M - 2 potions of mutation
 R - a potion of resistance
 S - a potion of might
 U - 2 potions of curing
Miscellaneous
 w - a Gell's gravitambourine (1/2)
 A - a condenser vane (inert)
 C - a lightning rod (4/4)


   Skills:
 * Level 10.6 Fighting
 * Level 10.4 Axes
 * Level 10.0 Armour
 + Level 8.4 Dodging
 - Level 4.0 Unarmed Combat
 + Level 10.9 Invocations
 + Level 8.4 Evocations


You had 12 spell levels left.
You didn't know any spells.
Your spell library contained the following spells:

 Spells                   Type           Power      Damage    Failure   Level
 Apportation              Tloc           0%         N/A       97%         1
 Necrotise                Necr           0%         1d4       97%         1
 Sting                    Conj/Alch      0%         1d3       97%         1
 Summon Small Mammal      Summ           0%         N/A       97%         1
 Lesser Beckoning         Tloc           0%         N/A       99%         2
 Mercury Vapours          Alch/Air       0%         N/A       99%         2
 Maxwell's Portable Pile  Tloc           0%         2d(5-13)  100%        3
 Mephitic Cloud           Conj/Alch/Air  0%         N/A       100%        3
 Teleport Other           Tloc           0%         N/A       100%        3
 Anguish                  Hex/Necr       0%         N/A       100%        4
 Animate Dead             Necr           0%         N/A       100%        4
 Cause Fear               Hex            0%         N/A       100%        4
 Leda's Liquefaction      Alch/Erth      0%         N/A       100%        4
 Summon Blazeheart Golem  Fire/Summ      0%         N/A       100%        4
 Freezing Cloud           Conj/Ice/Air   0%         6-21      100%        5
 Lee's Rapid Deconstruct  Erth           0%         3d4*      100%        5
 Permafrost Eruption      Ice/Erth       0%         2x4d1     100%        6
 Enfeeble                 Hex            0%         N/A       100%        7
 Haunt                    Necr/Summ      0%         N/A       100%        7
 Orb of Destruction       Conj           0%         9d5       100%        7
 Spellforged Servitor     Conj/Summ      0%         N/A       100%        7
 Infestation              Necr           0%         N/A       100%        8


Dungeon Overview and Level Annotations

Branches:
Dungeon (14/15)            Temple (1/1) D:7            Lair (0/5) D:9
    Orc (0/2) D:10         Vaults (0/5) D:13          IceCv (visited)

Altars:
Ashenzari
Cheibriados
Dithmenos
Fedhas
Gozag
Hepliaklqana
Kikubaaqudgha
Makhleb
Nemelex Xobeh
Okawaru
Qazlal
Ru
Sif Muna
Trog
Uskayaw
Vehumet
Wu Jian
Xom
Yredelemnul

Shops:
D:6 *   D:10 *


Innate Abilities, Weirdness & Mutations

You have very sharp fingernails.
You are completely covered in yellow scales. (AC +4, rCorr)
A demonic guardian rushes to your aid.
A meltable shield of frost defends you. (SH +4)
You are dopey. (Int -2)
You are somewhat resistant to further mutation.
You expend magic power (3 MP) to strengthen your wands.


Message History

* * * LOW HITPOINT WARNING * * *
The skyshark tastes blood and grows stronger!
You block the skyshark's attack. The skyshark tail-slaps you.
* * * LOW HITPOINT WARNING * * *
Your ice devil hits the boulder beetle simulacrum but does no damage.
Blink to where?
Press: ? - help, Dir - move target
As you read the scroll of blinking, it crumbles to dust.
There is an open gate here.
You close the gate.
There is an open gate here.
You close the gate.
You start resting.
A centaur warrior is nearby!
The centaur warrior hits you.
* * * LOW HITPOINT WARNING * * *
A demonic guardian appears!
The centaur warrior kicks you but does no damage.
The centaur warrior hits you.
* * * LOW HITPOINT WARNING * * *
The centaur warrior completely misses you.
You swap places.
Something closely misses your sixfirhy.
Something completely misses your sixfirhy. x2
The centaur warrior completely misses your sixfirhy. x2
Your sixfirhy hits the centaur warrior!
Your sixfirhy shocks the centaur warrior!
A demon appears!
Your sixfirhy closely misses the centaur warrior.
Your sixfirhy completely misses the centaur warrior.
Something bites your sixfirhy!! Something barely misses your sixfirhy.
Something completely misses your sixfirhy.
The centaur warrior wields a +0 orcbow.
The centaur warrior shoots an arrow.
The arrow hits your sixfirhy! Something misses your sixfirhy.
Something completely misses your sixfirhy.
Something misses your sixfirhy.
The centaur warrior shoots an arrow.
The arrow hits your sixfirhy!
Your sixfirhy dies!
Your sixfirhy disappears in a puff of smoke!
The centaur warrior shoots an arrow.
The arrow hits you!
You die...

###+++####..###
#.#.# # ##...##
#)## #.#.# #
##~...~###.#
#)<.# #
#~~...~~##†#
#####
#~#..Z#~##.#
#~~..)~~##.#
##~...~###.#
##...###3.#
#''D#§@.##
#..c..###
#######


You could see a centaur warrior (ally target) and a friendly ynoxinul
(summoned).

Vanquished Creatures
  2 frost giants (D:11)
  A fire dragon (D:14)
  3 centaur warriors
  2 boulder beetles
  2 ogre magi (D:14)
  3 two-headed ogres
  A tengu warrior (D:13)
  Urug (D:11)
  A necromancer (D:14)
  3 ugly things
  3 cyclopes (D:11)
  3 manticores (D:13)
  2 ice statues (IceCv)
  Joseph (D:7)
  An elephant (D:9)
  A gargoyle (D:11)
  Jeremiah (D:8)
  A rime drake (D:12)
  A yaktaur (D:12)
  An unseen horror (D:12)
  5 kobold demonologists
  An efreet (D:14)
  2 trolls
  2 polar bears (D:12)
  A hornet (shapeshifter) (D:13)
  A wraith (D:13)
  Eustachio (D:5)
  2 wyverns
  28 yaks
  8 vampire mosquitoes
  A steam dragon (D:8)
  Edmund (D:4)
  4 acid dragons
  2 water moccasins
  A sky beast (D:8)
  4 orc warriors
  2 black bears (D:9)
  2 ogres (D:6)
  2 wolves (D:12)
  5 centaurs
  A phantom (D:3)
  A kobold brigand (D:9)
  2 scorpions
  2 bullfrogs
  2 gnoll sergeants
  5 wights
  2 elephant simulacra (IceCv)
  2 killer bees
  An electric eel (D:6)
  3 howler monkeys
  A bombardier beetle (D:5)
  6 orc priests
  4 gnoll boudas
  2 hounds
  4 iguanas
  10 orc wizards
  24 gnolls
  7 adders
  2 shadow imps
  2 ufetubi (D:5)
  2 dart slugs
  A ribbon worm (D:2)
  45 orcs
  6 ball pythons
  4 bats
  6 endoplasms
  3 giant cockroaches
  7 goblins
  9 hobgoblins
  4 jackals
  3 quokkas
  5 frilled lizards
  11 kobolds
  3 rats
301 creatures vanquished.

Vanquished Creatures (collateral kills)
  A vault guard (D:13)
  An ironbound frostheart (D:13)
  A boulder beetle (D:11)
  A deep troll earth mage (D:11)
  A two-headed ogre (D:9)
  A deep elf zephyrmancer (D:11)
  An ugly thing (D:13)
  A manticore (D:11)
  A meliai (D:11)
  An elephant (D:9)
  2 kobold demonologists
  A komodo dragon (D:11)
  An unseen horror (D:11)
  An anaconda simulacrum (IceCv)
  A troll (D:10)
  3 wraiths
  6 yaks
  A death yak simulacrum (IceCv)
  5 vampire mosquitoes
  An orc warrior (D:9)
  An ice beast (D:7)
  An ogre (D:5)
  A centaur (D:9)
  6 killer bees
  A bombardier beetle (D:5)
  Crazy Yiuf (D:4)
  2 orc priests (D:9)
  A gnoll (D:5)
  6 orcs
52 creatures vanquished.

Vanquished Creatures (others)
  A steam dragon (D:8)
  A bullfrog (D:8)
  A gnoll sergeant (D:8)
  2 orcs (D:8)
5 creatures vanquished.

Grand Total: 358 creatures vanquished

Notes
Turn   | Place    | Note
-------+----------+-------------------------------------------
     0 | D:1      | Revguard the Demonspawn Monk began the quest for the Orb.
     0 | D:1      | Reached XP level 1. HP: 18/18 MP: 1/1
   263 | D:1      | Gained mutation: You are partially covered in yellow
                  | scales. (AC +2) [demonic ancestry]
   263 | D:1      | Reached XP level 2. HP: 24/24 MP: 2/2
   797 | D:2      | Reached skill level 1 in Invocations
   849 | D:2      | Reached skill level 1 in Armour
   849 | D:2      | Reached XP level 3. HP: 29/29 MP: 3/3
  1111 | D:2      | Reached skill level 1 in Evocations
  1543 | D:3      | Gained mutation: You are mostly covered in yellow scales.
                  | (AC +3) [demonic ancestry]
  1543 | D:3      | Reached XP level 4. HP: 35/35 MP: 5/5
  1598 | D:3      | Noticed a phantom
  1610 | D:3      | Killed a phantom
  1611 | D:3      | Gained mutation: You have sharp fingernails. [demonic
                  | ancestry]
  1611 | D:3      | Reached XP level 5. HP: 41/41 MP: 4/6
  2578 | D:4      | You fall into a shaft and drop 2 floors!
  2718 | D:6      | Noticed an ogre
  2725 | D:6      | Killed an ogre
  2726 | D:6      | Gained mutation: You are completely covered in yellow
                  | scales. (AC +4, rCorr) [demonic ancestry]
  2726 | D:6      | Reached XP level 6. HP: 25/48 MP: 3/8
  2827 | D:6      | Reached skill level 1 in Unarmed Combat
  3189 | D:6      | Found Paimakhae's Assorted Antiques.
  3192 | D:6      | Bought 2 smoky clear potions for 39 gold pieces
  3192 | D:6      | Bought a metallic pink potion for 19 gold pieces
  3192 | D:6      | Bought a scroll labelled PECAVIEFIR for 22 gold pieces
  3192 | D:6      | Bought a lumpy black potion for 19 gold pieces
  3192 | D:6      | Bought a scroll labelled KYRHUL NIAPHEL for 22 gold pieces
  3192 | D:6      | Bought a scroll of identify for 44 gold pieces
  3224 | D:6      | Gained mutation: A weak demonic guardian rushes to your
                  | aid. [demonic ancestry]
  3224 | D:6      | Reached XP level 7. HP: 50/54 MP: 9/9
  3535 | D:5      | Entered Level 5 of the Dungeon
  3775 | D:5      | Noticed Eustachio
  3875 | D:5      | Killed Eustachio
  3876 | D:5      | Reached XP level 8. HP: 42/61 MP: 9/11
  4200 | D:4      | Noticed Edmund
  4234 | D:4      | Killed Edmund
  4541 | D:4      | Found a runed translucent door.
  4542 | D:4      | Noticed Crazy Yiuf
  4562 | D:4      | Killed Crazy Yiuf
  4895 | D:5      | Reached skill level 5 in Fighting
  4895 | D:5      | Reached skill level 5 in Invocations
  5559 | D:7      | Noticed Joseph
  5586 | D:7      | Killed Joseph
  5587 | D:7      | Gained mutation: A meltable shield of frost defends you.
                  | (SH +4) [demonic ancestry]
  5587 | D:7      | Reached XP level 9. HP: 33/68 MP: 9/13
  5724 | D:7      | Reached skill level 5 in Axes
  5999 | D:7      | Found a sacrificial altar of Ru.
  6122 | D:7      | Reached skill level 5 in Dodging
  6122 | D:7      | Found a staircase to the Ecumenical Temple.
  6137 | Temple   | Entered the Ecumenical Temple
  6320 | Temple   | Became a worshipper of Makhleb the Destroyer
  6320 | Temple   | Reached * piety under Makhleb
  6320 | Temple   | Reached ** piety under Makhleb
  6418 | D:8      | Noticed Jeremiah
  6431 | D:8      | Killed Jeremiah
  7161 | D:8      | Reached skill level 5 in Evocations
  7445 | D:8      | Reached skill level 5 in Armour
  7673 | D:8      | Gained mutation: You have very sharp fingernails. [demonic
                  | ancestry]
  7673 | D:8      | Reached XP level 10. HP: 53/77 MP: 9/15
  8110 | D:9      | Noticed an elephant
  8140 | D:9      | Killed an elephant
  8140 | D:9      | Reached *** piety under Makhleb
  8259 | D:9      | Found a staircase to the Lair.
  8323 | D:9      | Noticed an elephant
  8339 | D:9      | Gained mutation: Your body sometimes deteriorates upon
                  | taking damage. [a neqoxec]
  8340 | D:9      | Gained mutation: You expend magic power (3 MP) to
                  | strengthen your wands. [a neqoxec]
  8341 | D:9      | Killed an elephant
  8341 | D:9      | Gained mutation: You have a pair of small antennae on your
                  | head. [a neqoxec]
  8378 | D:9      | Lost mutation: You have a pair of small antennae on your
                  | head. [potion of mutation]
  8378 | D:9      | Lost mutation: Your body sometimes deteriorates upon taking
                  | damage. [potion of mutation]
  8378 | D:9      | Gained mutation: You are dopey. (Int -2) [potion of
                  | mutation]
  8378 | D:9      | Gained mutation: You are somewhat resistant to further
                  | mutation. [potion of mutation]
  8632 | D:9      | Gained mutation: A demonic guardian rushes to your aid.
                  | [demonic ancestry]
  8632 | D:9      | Reached XP level 11. HP: 32/84 MP: 6/17
  9214 | D:9      | Noticed a two-headed ogre
  9223 | D:9      | Killed a two-headed ogre
  9523 | D:10     | Entered Level 10 of the Dungeon
  9589 | D:10     | Found Isyetrir's Assorted Antiques.
 10012 | D:10     | Found a staircase to the Orcish Mines.
 10620 | D:10     | Noticed a two-headed ogre
 10628 | D:10     | Killed a two-headed ogre
 11347 | D:11     | Noticed a two-headed ogre
 11361 | D:11     | Killed a two-headed ogre
 11400 | D:11     | Identified the ring "Ruamesk" {rC++ rN+ Dex+6}
 11415 | D:11     | Noticed a centaur warrior
 11416 | D:11     | Noticed a deep elf zephyrmancer
 11428 | D:11     | Killed a deep elf zephyrmancer
 11436 | D:11     | Killed a centaur warrior
 11589 | D:11     | Noticed a boulder beetle
 11889 | D:11     | Reached XP level 12. HP: 76/94 MP: 13/18
 12115 | D:11     | Noticed a two-headed ogre
 12133 | D:11     | Killed a two-headed ogre
 12169 | D:11     | Killed a boulder beetle
 12443 | D:11     | Noticed Urug
 12459 | D:11     | Killed Urug
 12784 | D:11     | Noticed a deep troll earth mage
 12791 | D:11     | Killed a deep troll earth mage
 12958 | D:11     | Noticed a frost giant
 12976 | D:11     | Killed a frost giant
 13489 | D:11     | Noticed a boulder beetle
 13500 | D:11     | Noticed a frost giant
 13533 | D:11     | Killed a frost giant
 13534 | D:11     | Reached skill level 10 in Invocations
 13535 | D:11     | Killed a boulder beetle
 13798 | D:12     | Found a frozen archway.
 13840 | IceCv    | Entered an ice cave
 13848 | IceCv    | HP: 4/97 [constriction (3)]
 13849 | IceCv    | Found a transporter.
 13860 | IceCv    | Found a transporter.
 14092 | IceCv    | Reached XP level 13. HP: 89/103 MP: 15/20
 14122 | IceCv    | Identified the +5 great sword of Dawn {venom, ^Drain rF-
                  | rN+++ rCorr}
 14884 | D:13     | Reached skill level 10 in Fighting
 14919 | D:13     | Reached skill level 10 in Axes
 15355 | D:13     | Identified the ring "Gasen" {Will+ Int+2 Slay+4 SInv}
 15839 | D:13     | Found a gate to the Vaults.
 15933 | D:14     | Noticed an angel
 16153 | D:14     | Noticed a fire dragon
 16163 | D:14     | Killed a fire dragon
 16183 | D:14     | Noticed a storm dragon
 16198 | D:14     | Reached skill level 10 in Armour
 16224 | D:14     | Shot with an arrow by a centaur warrior

Illustrated notes

Levels and vault maps discovered:
D:1:      evilmike_arrival_fibonacci_small, layout_basic
D:2:      layout_loops_ring
D:3:      layout_loops_corners, minmay_quadrilaterals
D:4:      layout_loops_cross, uniq_edmund, uniq_crazy_yiuf_cottage
D:5:      layout_rooms, uniq_eustachio
D:6:      layout_basic, serial_shops, nicolae_shop_tiny_real_fake_doors,
          minmay_parallelograms, serial_bayou_lagoon_b
D:7:      layout_basic, lemuel_crystal_altar, minmay_temple_entry_junction,
          uniq_joseph
D:8:      layout_cave_pools, minmay_joined_circles, uniq_jeremiah
D:9:      layout_basic, grunt_lair_entry_orc_guard_hut
D:10:     layout_grid_maze, david_orc_2, serial_shops, shop
D:11:     minmay_chopped_fan, layout_layer_cave, uniq_urug
D:12:     layout_long_grid, portal_ice_cave_entry_animals_and_master,
          dk_noncrumbling_3, minmay_sticks_and_stones
D:13:     layout_loops_ring, hellmonk_vaults_keyhole,
          serial_library_regret_index_small_wings
D:14:     kennysheep_bubble_arena, layout_rooms, zin_angel, uniq_snorg
Temple:   mainiacjoe_temple_archimedes_tessellation

Skill      XL: |  1  2  3  4  5  6  7  8  9 10 11 12 13 |
---------------+----------------------------------------+-----
Invocations    | 1 2 3 4 5 7 8 9 10 | 10.9
Armour         | 1 2 3 5 6 8 9 10 | 10.0
Axes           | 3 4 6 7 8 9 10 | 10.4
Dodging        | 3 4 5 6 7 8 |  8.4
Evocations     | 1 2 3 4 5 6 7 8 |  8.4
Unarmed Combat | 1 2 3 4 |  4.0
Fighting       | 4 5 6 7 8 9 10 | 10.6

Action                     |  1- 3 |  4- 6 |  7- 9 | 10-12 | 13-15 || total
---------------------------+-------+-------+-------+-------+-------++-------
  Melee: Hand axe          |    84 |   128 |   533 |   303 |       ||  1048
         Battleaxe         |       |       |     7 |    64 |   192 ||   263
         War axe           |       |       |       |   305 |       ||   305
 Invoke: Minor Destruction |       |       |     8 |     7 |       ||    15
         Lesser Servant of |       |       |       |    31 |     4 ||    35
  Evoke: Wand              |       |       |    17 |    22 |       ||    39
         Gell's gravitambo |       |       |       |     2 |     1 ||     3
         Lightning rod     |       |       |       |     2 |       ||     2
         Condenser vane    |       |       |       |     1 |     1 ||     2
    Use: Scroll            |       |    13 |    11 |     5 |     8 ||    37
         Potion            |       |       |     7 |     6 |     1 ||    14
   Stab: Distracted        |       |       |     2 |     7 |       ||     9
         Paralysed         |       |       |    17 |     1 |       ||    18
         Invisible         |       |       |       |     8 |       ||     8
 Armour: Leather armour    |    32 |       |   252 |       |       ||   284
         Robe              |     3 |       |       |       |       ||     3
         Ring mail         |    10 |    11 |       |       |       ||    21
         Scale mail        |       |    95 |   167 |       |       ||   262
         Chain mail        |       |       |   190 |   927 |   286 ||  1403
  Dodge: Dodged            |    55 |    73 |   402 |   405 |   140 ||  1075
  Block: Other             |       |       |    33 |   143 |    45 ||   221

Table legend: (Time is in decaauts)
 A = Elapsed time spent in this place.
 B = Non-inter-level travel time spent in this place.
 C = Inter-level travel time spent in this place.
 D = Time resting spent in this place.
 E = Time spent auto-exploring this place.
 F = Levels seen in this place.
 G = Mean time per level.
                   A        B        C        D        E       F      G
               +--------+--------+--------+--------+--------+-----+--------+
         Total |  16370 |  15945 |    425 |   1582 |  10619 |  16 | 1023.1 |
       Dungeon |  15876 |  15508 |    368 |   1376 |  10484 |  14 | 1134.0 |
        Temple |    206 |    149 |     57 |      0 |    135 |   1 |  206.0 |
      Ice Cave |    286 |    286 |      0 |    206 |      0 |   1 |  286.0 |
               +--------+--------+--------+--------+--------+-----+--------+

Top non-repeatable levels by time:
    D:11: 2448 daAuts
    D:10: 1752 daAuts
     D:8: 1605 daAuts
     D:9: 1473 daAuts
     D:3: 1118 daAuts
    D:13: 1088 daAuts
     D:4: 1028 daAuts
     D:6: 989 daAuts
     D:7: 906 daAuts
     D:5: 876 daAuts
    D:12: 814 daAuts
     D:2: 734 daAuts
     D:1: 664 daAuts
    D:14: 373 daAuts
   IceCv: 286 daAuts
